 Dungeon Crawl Stone Soup version 0.24-a0-230-g536ed4e (webtiles) character file.

Game seed: 10245213615168755706

2605 xeno23 the Slicer (level 9, -7/55 HPs)
             Began as an Octopode Assassin on Apr 2, 2019.
             Was a Believer of Uskayaw.
             Splashed by an orc wizard's acid (11 damage)
             ... on level 7 of the Dungeon.
             The game lasted 00:29:01 (6031 turns).

xeno23 the Slicer (Octopode Assassin)               Turns: 6031, Time: 00:29:02

Health: -7/55      AC:  4    Str: 11      XL:     9   Next: 59%
Magic:  9/9        EV: 13    Int: 20      God:    Uskayaw [**....]
Gold:   75         SH:  0    Dex:  7 (16) Spells: 5/8 levels left

rFire    x . .     SeeInvis .   a - +1 dagger (freeze)
rCold    + . .     Gourm    .   (no shield)
rNeg     + + .     Faith    .   (helmet restricted)
rPois    .         Spirit   .   (no amulet)
rElec    .         Reflect  .   e - ring of ice
rCorr    .         Harm     .   p - ring of positive energy
MR       +....                  w - ring "Xuad" {rN+ MR+ AC+3 Int+2}
Stlth    +++++.....             A - +5 ring of intelligence
HPRegen  0.18/turn              (no ring)
MPRegen  0.11/turn              (no ring)
                                (no ring)
                                (no ring)

@: no status effects
A: almost no armour, stealthy swim, amphibious, 8 rings, constrict 8, camouflage
1, gelatinous body 1
a: Stomp, Line Pass, Renounce Religion


You were on level 7 of the Dungeon.
You worshipped Uskayaw.
Uskayaw was noncommittal.
You were not hungry.

You visited 2 branches of the dungeon, and saw 8 of its levels.

You collected 315 gold pieces.
You spent 240 gold pieces at shops.

Inventory:

Hand Weapons
 a - a +1 dagger of freezing (weapon)
 s - a +0 blowgun
Missiles
 c - 6 poisoned needles
 x - 2 curare-tipped needles
Jewellery
 e - a ring of ice (left tentacle)
 p - a ring of positive energy (right tentacle)
 w - the ring "Xuad" (on tentacle) {rN+ MR+ AC+3 Int+2}
   (You found it on level 5 of the Dungeon)

   [ring of protection]

   It affects your AC (+3).
   It affects your intelligence (+2).
   It protects you from negative energy.
   It affects your resistance to hostile enchantments.
 A - a +5 ring of intelligence (on tentacle)
Wands
 d - a wand of digging (4)
 u - a wand of acid (8)
 v - a wand of enslavement (7)
Scrolls
 b - 3 scrolls of magic mapping
 i - a scroll of blinking {unknown}
 n - 4 scrolls of amnesia
 o - 3 scrolls of enchant armour {unknown}
 q - 3 scrolls of identify {unknown}
 r - 2 scrolls of teleportation {unknown}
 t - 4 scrolls of remove curse
 y - a scroll of fog {unknown}
Potions
 g - 4 potions of curing {unknown}
 h - a potion of cancellation {unknown}
 j - a potion of heal wounds {unknown}
 k - 3 potions of agility {unknown}
 l - 2 potions of magic {unknown}
 m - 2 potions of flight {unknown}
 z - a potion of resistance {unknown}
Comestibles
 f - 12 rations
 B - a chunk of flesh


   Skills:
 - Level 2.8 Fighting
 - Level 10.3 Short Blades
 - Level 2.4 Throwing
 - Level 1.8 Dodging
 + Level 9.8 Stealth
 * Level 3.7 Hexes


You had 5 spell levels left.
You knew the following spells:

 Your Spells              Type           Power        Failure   Level  Hunger
a - Confuse               Hex            ##......     13%         3    ####...

Your spell library contained the following spells:

 Spells                   Type           Power        Failure   Level  Hunger
 Confusing Touch          Hex            ##....       4%          1    ##.....
 Sting                    Conj/Pois      #...         19%         1    ##.....
 Poisonous Vapours        Pois/Air       #.....       28%         2    ###....
 Gell's Gravitas          Tloc           #.........   50%         3    ####...
 Mephitic Cloud           Conj/Pois/Air  #.......     50%         3    ####...
 Olgreb's Toxic Radiance  Pois           #.......     88%         4    #####..
 Petrify                  Tmut/Erth      #.......     88%         4    #####..
 Metabolic Englaciation   Hex/Ice        ##........   94%         5    ######.
 Yara's Violent Unravell  Hex/Tmut       #.........   94%         5    ######.
 Venom Bolt               Conj/Pois      #.........   99%         5    ######.


Dungeon Overview and Level Annotations

Branches:
Dungeon (7/15)             Temple (1/1) D:5

Altars:
Ashenzari
Cheibriados
Dithmenos
Elyvilon
Fedhas
Gozag
Hepliaklqana
Kikubaaqudgha
Makhleb
Nemelex Xobeh
Okawaru
Qazlal
Ru
Sif Muna
Trog
Uskayaw
Wu Jian
Xom
Yredelemnul
Zin
The Shining One

Shops:
D:5 =   D:6 :

Annotations:
D:4 4 runed translucent doors
D:6 kirsanium's ghost, novice NaTm


Innate Abilities, Weirdness & Mutations

You cannot wear most types of armour.
You are very stealthy in the water. (Stealth+)
You are amphibious.
You can wear up to eight rings at the same time.
You can use your tentacles to constrict eight enemies at once.
Your skin changes colour to match your surroundings (Stealth+).
Your rubbery body absorbs attacks. (AC +1, EV +1)


Message History

You constrict the orc priest, but do no damage.
You hear a shout!
The orc priest hits you.
* * * LOW HITPOINT WARNING * * *
The orc wizard hits you but does no damage.
You take 3 damage.
You hit the orc priest but do no damage.
You squeeze the orc priest!
The orc priest is severely wounded.
You constrict the orc priest.
Okay, then.
Unknown command.
You hit the orc priest but do no damage.
The orc priest is severely wounded.
You constrict the orc priest.
The orc priest looks satisfied for a moment.
The orc wizard zaps a wand.
The bolt of acid hits you!
* * * LOW HITPOINT WARNING * * *
You are splashed with acid!
You die...

.............#...........o
.....##......#...........o
.....................oo...
##.#...)#####.....o..... #....#
#..o.o......
#....#####...........
#..#+#)#.#....######.
#....)...#......... .
#...@#####......... . .#
#..oao..5.......... #'.#
#.................. #..#
#..................
#..##########..................
..............#....#####.......
#.....#.#.....#....#... #...#..
......#'#.............. ....
............#...........s ..#


You could see a worker ant, an orc priest, an orc wizard and a shadow imp.

Vanquished Creatures
  Pikel (D:6)
  Sigmund (D:6)
  A spriggan (D:7)
  6 ogres
  A phantom (D:4)
  A centaur (D:5)
  2 bullfrogs (D:7)
  A water moccasin skeleton (D:4)
  3 scorpions
  2 crimson imps
  2 quasits (D:6)
  A bullfrog zombie (D:7)
  3 hounds
  2 orc priests
  2 centaur zombies
  3 orc wizards
  A centaur skeleton (D:6)
  A jelly (D:7)
  A bullfrog skeleton (D:6)
  A killer bee zombie (D:5)
  5 worker ants
  A hound skeleton (D:4)
  Robin (D:2)
  A worker ant zombie (D:5)
  4 adders
  A shadow imp (D:7)
  An adder skeleton (D:4)
  An adder zombie (D:7)
  A worm (D:4)
  3 dart slugs
  4 leopard geckos
  14 orcs
  4 ball pythons
  5 giant cockroaches
  8 hobgoblins
  16 jackals
  A quokka (D:6)
  7 bats
  4 frilled lizards
  A giant cockroach zombie (D:5)
  14 goblins
  A jackal skeleton (D:4)
  8 kobolds
  2 leopard gecko skeletons
  A quokka skeleton (D:6)
  8 rats
153 creatures vanquished.

Vanquished Creatures (others)
  A bullfrog skeleton (D:6)
1 creature vanquished.

Grand Total: 154 creatures vanquished

Notes
Turn   | Place    | Note
-------+----------+-------------------------------------------
     0 | D:1      | xeno23 the Octopode Assassin began the quest for the Orb.
     0 | D:1      | Reached XP level 1. HP: 14/14 MP: 1/1
    54 | D:1      | Reached XP level 2. HP: 19/19 MP: 2/2
   562 | D:1      | Reached XP level 3. HP: 24/24 MP: 3/3
   803 | D:2      | Found an ornate altar of the Wu Jian Council.
  1291 | D:2      | Reached XP level 4. HP: 30/30 MP: 4/4
  1376 | D:2      | Noticed Robin
  1429 | D:2      | Killed Robin
  1469 | D:2      | Found a faded altar of an unknown god.
  1628 | D:2      | Found a glowing silver altar of Zin.
  1628 | D:2      | Found a hazy altar of Hepliaklqana.
  1634 | D:2      | Found a shadowy altar of Dithmenos.
  1636 | D:2      | Found an opulent altar of Gozag.
  1637 | D:2      | Found an ancient bone altar of Kikubaaqudgha.
  2522 | D:4      | Reached XP level 5. HP: 35/35 MP: 5/5
  2541 | D:4      | Reached skill level 3 in Short Blades
  2544 | D:4      | Noticed an ogre
  2567 | D:4      | Killed an ogre
  2567 | D:4      | Reached XP level 6. HP: 32/41 MP: 6/6
  2799 | D:4      | Found a large runed translucent door.
  2800 | D:4      | Found a large runed translucent door.
  2816 | D:4      | Reached skill level 4 in Short Blades
  2848 | D:4      | Found a large runed translucent door.
  2848 | D:4      | Found a large runed translucent door.
  2893 | D:4      | Reached XP level 7. HP: 40/45 MP: 7/7
  3114 | D:5      | Entered Level 5 of the Dungeon
  3212 | D:5      | Reached skill level 5 in Short Blades
  3342 | D:4      | Reached skill level 6 in Short Blades
  3461 | D:5      | Reached XP level 8. HP: 22/51 MP: 8/8
  3466 | D:5      | Found a glowing silver altar of Zin.
  3506 | D:5      | Found Bihasino's Jewellery Shop.
  3520 | D:5      | Found a staircase to the Ecumenical Temple.
  3669 | Temple   | Entered the Ecumenical Temple
  3886 | Temple   | Became a worshipper of Uskayaw the Reveler
  4031 | D:5      | Reached * piety under Uskayaw
  4051 | D:5      | Reached ** piety under Uskayaw
  4053 | D:5      | Reached skill level 7 in Short Blades
  4085 | D:5      | Got a twitching golden ring
  4086 | D:5      | Identified the ring "Xuad" {rN+ MR+ AC+3 Int+2} (You found
                  | it on level 5 of the Dungeon)
  4448 | D:4      | Reached skill level 8 in Short Blades
  4521 | D:6      | Found a shattered altar of Ashenzari.
  4548 | D:6      | Reached *** piety under Uskayaw
  4551 | D:6      | Reached **** piety under Uskayaw
  4843 | D:6      | Found a shattered altar of Ashenzari.
  4843 | D:6      | Noticed Pikel
  4905 | D:6      | Killed Pikel
  4905 | D:6      | Reached skill level 10 in Short Blades
  4905 | D:6      | Reached XP level 9. HP: 11/55 MP: 9/9
  5165 | D:6      | Found Heungurosyrr's Book Boutique.
  5165 | D:6      | Noticed Sigmund
  5167 | D:6      | Killed Sigmund
  5172 | D:6      | Bought a book of Misfortune for 240 gold pieces
  5176 | D:6      | Learned a level 3 spell: Confuse
  5220 | D:6      | Found a transporter.
  5223 | D:6      | Noticed kirsanium's ghost (novice NaTm)
  5246 | D:6      | Found a transporter.
  5423 | D:6      | Reached skill level 1 in Hexes
  5824 | D:7      | Found the +3 pair of gauntlets of War {Slay+5}
  5884 | D:7      | Found an ancient bone altar of Kikubaaqudgha.
  6031 | D:7      | Splashed by an orc wizard's acid

Levels and vault maps discovered:
D:1:      minmay_arrival_diagonal_passages, layout_basic, serial_forest,
          infiniplex_forest_lined_corner, infiniplex_forest_clump_small,
          infiniplex_forest_zigzag_1, infiniplex_forest_corner_1,
          infiniplex_forest_clump_diagonal, infiniplex_forest_clump_cross,
          minmay_cut_off
D:2:      layout_rooms, chequers_temple_overflow_minitemple,
          lemuel_crystal_altar, chequers_ecumenical_altar_island, fountainhead,
          uniq_robin
D:3:      layout_basic, first_ration
D:4:      layout_loops_cross, minmay_hollow_rounded_squares
D:5:      layout_basic, minmay_temple_entry_waves, basic_altar,
          ebering_dispersal_statue_hall, minmay_shop_enchanted_jewellery,
          chequers_serial_rivers_micro_b
D:6:      layout_gridville, basic_altar, serial_shops, shop,
          gammafunk_ghost_stat_death, cheibrodos_ashenzari_chains, uniq_pikel,
          uniq_sigmund
D:7:      layout_basic, the_bakery, amethyst_killhole, chequers_garden,
          moated_statue, minivault_5, chequers_serial_rivers_room_a,
          tgw_kikubaaqudgha
Temple:   regret_index_temple_generic_petals

Skill      XL: |  1  2  3  4  5  6  7  8  9 |
---------------+----------------------------+-----
Stealth        | 6 7 8 9 |  9.8
Short Blades   | 3 4 6 10 | 10.3
Hexes          | 3 |  3.7
Fighting       | |  2.8
Throwing       | |  2.4
Dodging        | |  1.8

Action                   |  1- 3 |  4- 6 |  7- 9 || total
-------------------------+-------+-------+-------++-------
Melee: Dagger            |    62 |    85 |   278 ||   425
       Constrict         |    13 |    25 |    42 ||    80
       Tentacles         |     7 |    25 |    45 ||    77
 Fire: Blowgun           |       |     5 |    22 ||    27
Evoke: Wand              |       |       |     1 ||     1
  Use: Scroll            |       |       |     3 ||     3
 Stab: Sleeping          |    16 |    10 |    13 ||    39
       Distracted        |       |     1 |       ||     1
       Paralysed         |       |       |     3 ||     3
  Eat: Chunk             |     1 |     5 |    10 ||    16
Armor: Skin              |     7 |     7 |    62 ||    76
Dodge: Dodged            |    30 |    58 |   172 ||   260

Table legend:
 A = Non-vault XP
 B = Vault XP
 C = Vault XP percentage of total XP
 D = Non-vault monster count
 E = Vault monster count
 F = Vault count percentage of total count
                 A         B        C        D         E       F
            +---------+---------+-------+---------+---------+-------
      Total |    2339 |    1383 |  37.2 |     126 |      27 |  17.6
            +---------+---------+-------+---------+---------+-------
        D:1 |      32 |       5 |  13.5 |      21 |       3 |  12.5
        D:2 |      72 |      39 |  35.1 |      23 |      13 |  36.1
        D:3 |      15 |       0 |   0.0 |       7 |       0 |   0.0
        D:4 |     586 |     212 |  26.6 |      20 |       6 |  23.1
        D:5 |     812 |       0 |   0.0 |      26 |       0 |   0.0
        D:6 |     353 |     907 |  72.0 |      14 |       4 |  22.2
        D:7 |     469 |     220 |  31.9 |      15 |       1 |   6.2
            +---------+---------+-------+---------+---------+-------
